 Dungeon Crawl Stone Soup version 0.30-a0-570-g486de37d69 (webtiles) character file.

Game seed: 12493879430135517972

54 kae the Insei (level 3, 0/26 HPs)
             Began as a Demonspawn Transmuter on Dec 29, 2022.
             Slain by a hobgoblin (4 damage)
             ... on level 2 of the Dungeon.
             The game lasted 00:01:03 (1056 turns).

kae the Insei (Demonspawn Transmuter)               Turns: 1056, Time: 00:01:03

Health: 0/26       AC:  5    Str: 10    XL:     3   Next: 66%
Magic:  6/6        EV: 12    Int: 16    God:
Gold:   40         SH:  0    Dex: 13    Spells: 1/7 levels left

rFire   . . .      SeeInvis .      - Unarmed
rCold   . . .      Faith    .    (no shield)
rNeg    . . .      Spirit   .    a - +0 robe
rPois   .          Reflect  .    (helmet currently unavailable)
rElec   .          Harm     .    (no cloak)
rCorr   .          Rampage  .    (no gloves)
Will    .....                    (boots currently unavailable)
Stlth   +                        (no amulet)
HPRegen 0.24/turn                (no ring)
MPRegen 0.10/turn                (no ring)

@: appendages
A: horns 2, talons 2, molten scales 2
a: End Transformation


You were on level 2 of the Dungeon.
You had temporarily grown beastly horns and talons.
You visited 1 branch of the dungeon, and saw 2 of its levels.

You collected 70 gold pieces.
You spent 30 gold pieces at shops.


Innate Abilities, Weirdness & Mutations

You have temporarily grown beastly horns and talons.
You are mostly covered in molten scales. (AC +3)


   Skills:
 - Level 1.0 Fighting
 - Level 1.7 Dodging
 + Level 3.1 Unarmed Combat
 + Level 2.5 Spellcasting
 * Level 2.9 Transmutations


You had one spell level left.
You knew the following spells:

 Your Spells              Type           Power      Damage    Failure   Level
a - Beastly Appendage     Tmut           22%        N/A       6%          1
b - Wereblood             Tmut           11%        N/A       9%          2
c - Spider Form           Tmut/Pois      6%         N/A       32%         3

Your spell library contained the following spells:

 Spells                   Type           Power      Damage    Failure   Level
 Ice Form                 Ice/Tmut       6%         N/A       71%         4

Inventory:

Armour
 a - a +0 robe (worn)
Scrolls
 c - 2 scrolls of identify {unknown}
 d - a scroll of magic mapping {unknown}
 j - a scroll of poison {unknown}
 k - a scroll of torment {unknown}
 l - a scroll of enchant weapon {unknown}
Potions
 b - a potion of lignification {!q}
 e - 2 potions of curing {unknown}
 f - a potion of degeneration {unknown}
 g - a potion of mutation {unknown}
 h - a potion of flight {unknown}
 i - a potion of magic {unknown}

Dungeon Overview and Level Annotations

Branches:
Dungeon (2/15) Zot: 10948

Altars:

Shops:
D:1

* ########..###### ### .#
#............... ..# #.#
#............... #.# #.#
#............... #.# #.#
#.......).......
#.###.######...............
##.#........................
...).....#.##......†........
##.#....##.##...@...........
##.#.#.###.##..SgJ..........
...#.......##!.............
######.######.............
#+# #.............
#............. #...........
#........... ##


You could see an adder, an endoplasm and a hobgoblin.


Message History

The adder bites you but does no damage.
You miss the adder. The adder misses you. 😕 HP[+1]
You hit the adder. Your kick misses the adder. The adder closely misses you.
You hit the adder.
You kill the adder!
k - a scroll labelled ACUETH BUED Your transformation is almost over. 😎 HP[+2] MP[+1]
Your hp is fully restored (26).
Your mp is fully restored (6).
A frilled lizard comes into view.
You see here a scroll labelled WAJERUFILO.
A frilled lizard is nearby!
A frilled lizard is nearby!
Casting: Beastly Appendage (safe; 6% risk of failure)
Confirm with . or Enter, or press ? or * to list all spells.
You extend your transformation's duration.
The frilled lizard hisses angrily. 😎 MP[-1]
You lost 1 mp, and now have 5/6 mp.
Your transformation is almost over.
You closely miss the frilled lizard. Your kick misses the frilled lizard.
The frilled lizard closely misses you.
You hit the frilled lizard.
You kill the frilled lizard!
l - a scroll labelled WAJERUFILO No target in view!
No target in view!
Your horns disappear.
Your talons disappear.
A hobgoblin comes into view.
It is wearing the +3 plate armour of Qazlal's Whim {rElec MP+9}.
The hobgoblin shouts! 😎 MP[+1]
Your mp is fully restored (6).
A hobgoblin is nearby!
A hobgoblin is nearby!
A hobgoblin is nearby!
An adder comes into view.
Casting: Beastly Appendage (safe; 6% risk of failure)
Confirm with . or Enter, or press ? or * to list all spells.
You grow a pair of large bovine horns.
Your feet morph into talons.
The hobgoblin hits you. 😕 HP[-2] MP[-1]
You take 2 damage, and now have 24/26 hp.
You lost 1 mp, and now have 5/6 mp.
You hit the adder but do no damage. Your headbutt misses the adder.
The adder barely misses you.
An endoplasm comes into view.
The hobgoblin misses you.
You hit the adder. Your headbutt misses the adder.
The adder bites you but does no damage.
The hobgoblin closely misses you. 😕 HP[+1]
There are monsters nearby!
You barely miss the adder. The adder bites you.
You are poisoned.
The adder poisons you! The adder barely misses you.
The hobgoblin barely misses you.
You miss the adder.
You feel sick. The adder closely misses you. The hobgoblin hits you. 😕 HP[-4]
You take 4 damage, and now have 21/26 hp.
You closely miss the adder.
You feel sick. The adder bites you but does no damage.
The hobgoblin hits you but does no damage.
You hit the adder. Your kick misses the adder. You headbutt the adder.
You feel sick. The adder bites you.
The hobgoblin hits you but does no damage. 😮 HP[-2]
You take 2 damage, and now have 19/26 hp.
You barely miss the adder.
You feel sick.
You are no longer poisoned.
The adder bites you but does no damage. The adder bites you.
You are too injured to fight recklessly! 😮 HP[-4]
You take 4 damage, and now have 15/26 hp.
You are too injured to fight recklessly!
You are too injured to fight recklessly!
You closely miss the adder.
The hobgoblin hits you but does no damage.
The adder bites you.
* * * LOW HITPOINT WARNING * * *
😨 HP[-4] MP[+1]
You take 4 damage, and now have 11/26 hp.
Your mp is fully restored (6).
Unknown command.
Unknown command.
You closely miss the adder. Your headbutt misses the adder.
The endoplasm freezes you.
You are frozen.
* * * LOW HITPOINT WARNING * * *
The hobgoblin barely misses you. The adder barely misses you. 😨 HP[-4]
You take 4 damage, and now have 7/26 hp.
Unknown command.
You barely miss the adder. Your kick misses the adder.
The adder bites you but does no damage. The endoplasm freezes you.
You are frozen.
* * * LOW HITPOINT WARNING * * *
The hobgoblin hits you.
You die...

Skill      XL: |  1  2 |
---------------+-------+-----
Transmutations | 2 |  2.9
Unarmed Combat | 3 |  3.1
Fighting       | |  1.0
Dodging        | |  1.7
Spellcasting   | |  2.5

Action                   || total
-------------------------++-------
Melee: Unarmed           ||    87
       Kick              ||    16
       Headbutt          ||     9
       Punch             ||     3
 Cast: Beastly Appendage ||    18
Armor: Robe              ||    21
Dodge: Dodged            ||    65

Levels and vault maps discovered:
D:1:      minmay_arrival_split_and_join, layout_rooms, serial_shops,
          nicolae_shop_window_shopping, shapermc_ecumenical_altar_gd,
          minmay_tetromino_l2
D:2:      layout_loops_corners, wad_floor_pattern_1, uniq_terence

Notes
Turn   | Place    | Note
-------+----------+-------------------------------------------
     0 | D:1      | kae the Demonspawn Transmuter began the quest for the Orb.
     0 | D:1      | Reached XP level 1. HP: 15/15 MP: 3/3
     0 | D:1      | magus.rc [v1.11.3]
   100 | D:1      | Reached skill level 2 in Transmutations
   145 | D:1      | Gained mutation: You are partially covered in molten
                  | scales. (AC +2) [demonic ancestry]
   145 | D:1      | Reached XP level 2. HP: 21/21 MP: 3/5
   269 | D:1      | Found Zidurias's Assorted Antiques.
   272 | D:1      | Bought 2 inky potions for 30 gold pieces
   314 | D:1      | Found a faded altar of an unknown god.
   547 | D:1      | Reached skill level 3 in Unarmed Combat
   631 | D:1      | Gained mutation: You are mostly covered in molten scales.
                  | (AC +3) [demonic ancestry]
   631 | D:1      | Reached XP level 3. HP: 26/26 MP: 6/6
   634 | D:1      | Learned a level 2 spell: Wereblood
   638 | D:1      | Learned a level 3 spell: Spider Form
   813 | D:2      | HP: 6/26 [poisoned by an adder]
  1042 | D:2      | Identified the +3 plate armour of Qazlal's Whim {rElec
                  | MP+9}
  1056 | D:2      | HP: 4/26 [frozen (4)]
  1056 | D:2      | Slain by a hobgoblin

Vanquished Creatures
  2 adders (D:2)
  2 dart slugs (D:1)
  A ball python (D:1)
  4 endoplasms
  3 goblins
  5 hobgoblins (D:1)
  2 jackals (D:1)
  A kobold (D:1)
  A quokka (D:1)
  2 bats (D:1)
  2 frilled lizards
  5 rats (D:1)
30 creatures vanquished.

Vanquished Creatures (others)
  8 demonic plants (D:1)
  6 fungi (D:1)
  3 plants (D:1)
  3 withered plants (D:1)
20 creatures vanquished.

Grand Total: 50 creatures vanquished

Table legend:
 A = Non-vault XP
 B = Vault XP
 C = Vault XP percentage of total XP
 D = Non-vault monster count
 E = Vault monster count
 F = Vault count percentage of total count
                 A         B        C        D         E       F
            +---------+---------+-------+---------+---------+-------
      Total |      72 |       6 |   7.7 |      28 |       2 |   6.7
            +---------+---------+-------+---------+---------+-------
        D:1 |      41 |       6 |  12.8 |      23 |       2 |   8.0
        D:2 |      31 |       0 |   0.0 |       5 |       0 |   0.0
            +---------+---------+-------+---------+---------+-------

Illustrated notes

Table legend:
 A = Kills in this place as a percentage of kills in entire the game.
 B = Kills by you in this place as a percentage of kills by you in the entire game.
 C = Kills by friends in this place as a percentage of kills by friends in the entire game.
 D = Other kills in this place as a percentage of other kills in the entire game.
 E = Experience gained in this place as a percentage of experience gained in the entire game.
 F = Experience gained in this place divided by the number of levels of this place that you have seen.
                   A       B       C       D       E      F
               +-------+-------+-------+-------+-------+----------------------
         Total | 100.0 | 100.0 |   N/A |   N/A | 100.0 |  39.0
       Dungeon | 100.0 | 100.0 |   N/A |   N/A | 100.0 |  39.0
               +-------+-------+-------+-------+-------+----------------------

Table legend: (Time is in decaauts)
 A = Elapsed time spent in this place.
 B = Non-inter-level travel time spent in this place.
 C = Inter-level travel time spent in this place.
 D = Time resting spent in this place.
 E = Time spent auto-exploring this place.
 F = Levels seen in this place.
 G = Mean time per level.
                   A        B        C        D        E       F      G
               +--------+--------+--------+--------+--------+-----+--------+
         Total |   1050 |   1033 |     17 |      0 |    820 |   2 |  525.0 |
       Dungeon |   1050 |   1033 |     17 |      0 |    820 |   2 |  525.0 |
               +--------+--------+--------+--------+--------+-----+--------+

Top non-repeatable levels by time:
     D:1: 800 daAuts
     D:2: 250 daAuts
